 Dungeon Crawl Stone Soup version 0.32-a0-699-g1ee5eff69a (webtiles) character file.

Game seed: 7318891583217054145

10 zazu2006 the Chucker (level 2, 0/23 HPs)
             Began as a Gnoll Wanderer on Mar 14, 2024.
             Succumbed to a kobold's poison
             ... on level 1 of the Dungeon.
             The game lasted 00:00:55 (173 turns).

zazu2006 the Chucker (Gnoll Wanderer)                Turns: 173, Time: 00:00:56

Health: 0/23       AC:  2    Str:  8    XL:     2   Next: 20%
Magic:  11/11      EV: 10    Int: 12    God:
Gold:   9          SH:  0    Dex: 13    Spells: 1/1 levels left

rFire   . . .        c - +0 spear
rCold   . . .        (no shield)
rNeg    . . .        g - +0 robe
rPois   .            (no helmet)
rElec   .            (no cloak)
rCorr   .            (no gloves)
SInv    .            (no boots)
Will    .....        (no amulet)
Stlth   ++           h - ring of magical power
HPRegen 0.23/turn    (no ring)
MPRegen 0.12/turn

%: no passive effects
@: lethally poisoned (0 -> -5)
A: fangs 1, strong nose, distributed training
a: no special abilities


You were on level 1 of the Dungeon.
You visited 1 branch of the dungeon, and saw 1 of its levels.

You collected 9 gold pieces.

Inventory:

Hand Weapons
 a - a +2 dagger
 c - a +0 spear (weapon)
 e - a +0 dagger
Missiles
 d - 12 poisoned darts (quivered)
Armour
 g - a +0 robe (worn)
Jewellery
 h - a ring of magical power (left hand)
Scrolls
 f - a scroll of blinking
Potions
 b - a potion of invisibility


   Skills:
 + Level 2.4 Fighting
 + Level 0.3 Short Blades
 + Level 0.3 Long Blades
 + Level 0.3 Axes
 + Level 0.3 Maces & Flails
 + Level 4.4 Polearms
 + Level 0.3 Staves
 + Level 0.3 Ranged Weapons
 + Level 6.4 Throwing
 + Level 2.4 Armour
 + Level 0.3 Dodging
 + Level 4.0 Stealth
 + Level 0.3 Shields
 + Level 0.3 Unarmed Combat
 + Level 0.3 Spellcasting
 + Level 0.2 Conjurations
 + Level 0.2 Hexes
 + Level 0.2 Summonings
 + Level 0.2 Necromancy
 + Level 0.2 Translocations
 + Level 0.2 Fire Magic
 + Level 0.2 Ice Magic
 + Level 0.2 Air Magic
 + Level 0.2 Earth Magic
 + Level 0.2 Alchemy
 + Level 0.4 Invocations
 + Level 2.4 Evocations
 + Level 0.2 Shapeshifting


You had one spell level left.
You didn't know any spells.
Your spell library was empty.

Dungeon Overview and Level Annotations

Branches:
Dungeon (1/15)

Altars:


Innate Abilities, Weirdness & Mutations

You have very sharp teeth.
Your uncanny sense of smell can sniff out nearby items.
Your experience applies equally to all skills.


Message History

You kill the kobold!
A kobold comes into view. It is wielding a +2 dagger of venom.
You see here a +2 whip of draining.
The kobold shouts!
You hit the goblin.
You kill the goblin!
Your life force feels restored.
The rat bites you but does no damage.
The kobold hits you with a +0 short sword.
Things that are here:
a +0 club; a goblin corpse You completely miss the rat.
The rat barely misses you.
The kobold hits you with a +0 short sword.
You hit the rat. Your bite misses the rat.
The rat is heavily wounded.
The endoplasm freezes you.
You are frozen.
The rat bites you but does no damage.
The kobold hits you with a +0 short sword.
You closely miss the rat.
The rat is heavily wounded.
The endoplasm freezes you.
You are frozen.
The rat bites you. The kobold completely misses you.
You hit the rat but do no damage.
The rat is heavily wounded.
The rat closely misses you. The kobold hits you but does no damage.
The endoplasm barely misses you. The rat completely misses you.
The kobold attacks as it pursues you!
The kobold hits you with a +2 dagger of venom.
You are lethally poisoned!
The kobold attacks as it pursues you! The kobold hits you but does no damage.
The endoplasm attacks as it pursues you!
The endoplasm closely misses you.
* * * LOW HITPOINT WARNING * * *
You feel sick. The rat attacks as it pursues you! The rat barely misses you.
The kobold attacks as it pursues you! The kobold barely misses you.
* * * LOW HITPOINT WARNING * * *
You feel sick. The kobold attacks as it pursues you!
The kobold hits you with a +0 short sword.
* * * LOW HITPOINT WARNING * * *
You die...

##............##
#..............#
#..............#
#......[.......###.
#.......).......... ##### ##
#.......).........
.......##.
#........KrJ.#....#.........
##.......K..## #...........
##........@# ............
#.........# #..........
#.........######..........
#..............#..........
#..............#......†...
###.)............##....†....
#................###........
#.................†......###
#................#########


You could see an endoplasm, 2 kobolds and a rat.

Vanquished Creatures
  A bat (D:1)
  An endoplasm (D:1)
  A giant cockroach (D:1)
  A goblin (D:1)
  2 jackals (D:1)
  A ball python (D:1)
  A kobold (D:1)
  A rat (D:1)
9 creatures vanquished.

Notes
Turn   | Place    | Note
-------+----------+-------------------------------------------
     0 | D:1      | zazu2006 the Gnoll Wanderer began the quest for the Orb.
     0 | D:1      | zazu2006 set off with the following items: a +2 dagger, a
                  | potion of invisibility, a +0 spear, 12 poisoned darts, a +0
                  | dagger, a scroll of blinking, a +0 robe.
     0 | D:1      | Reached XP level 1. HP: 17/17 MP: 1/1
   140 | D:1      | Reached XP level 2. HP: 21/23 MP: 2/2
   172 | D:1      | HP: 1/23 [kobold/+0 short sword (3)]
   173 | D:1      | Succumbed to a kobold's poison

Illustrated notes

Levels and vault maps discovered:
D:1:      lemuel_arrival_broad_hall, layout_rooms, serial_shops,
          nicolae_shop_overgrown_old_shop

Action                     || total
---------------------------++-------
  Melee: Spear             ||    27
         Bite              ||     4
   Stab: Sleeping          ||     3
 Armour: Robe              ||    28
  Dodge: Dodged            ||    19

Table legend: (Time is in decaauts)
 A = Elapsed time spent in this place.
 B = Non-inter-level travel time spent in this place.
 C = Inter-level travel time spent in this place.
 D = Time resting spent in this place.
 E = Time spent auto-exploring this place.
 F = Levels seen in this place.
 G = Mean time per level.
                   A        B        C        D        E       F      G
               +--------+--------+--------+--------+--------+-----+--------+
         Total |    168 |    158 |     10 |      0 |     74 |   1 |  168.0 |
       Dungeon |    168 |    158 |     10 |      0 |     74 |   1 |  168.0 |
               +--------+--------+--------+--------+--------+-----+--------+

Top non-repeatable levels by time:
     D:1: 168 daAuts
